 Dungeon Crawl Stone Soup version 0.25-a0-458-g6fc7858b95 (webtiles) character file.

Game seed: 2676857297224347620, levelgen mode: deterministic

1407 Gargoyl the Chopper (level 8, -1/67 HPs)
             Began as a Centaur Abyssal Knight on Feb 1, 2020.
             Was an Elder of Lugonu.
             Slain by an orc warrior
             ... wielding a +0 trident
              (19 damage)
             ... on level 6 of the Dungeon.
             The game lasted 00:11:27 (5607 turns).

Gargoyl the Chopper (Centaur Abyssal Knight)        Turns: 5607, Time: 00:11:28

Health: -1/67      AC: 15    Str: 15    XL:     8   Next: 42%
Magic:  7/11       EV:  1    Int: 11    God:    Lugonu [****..]
Gold:   195        SH:  8    Dex: 11    Spells: 7/7 levels left

rFire    . . .     SeeInvis +   a - +2 hand axe
rCold    . . .     Gourm    .   n - +1 shield
rNeg     . . .     Faith    .   w - +2 plate armour {rPois}
rPois    +         Spirit   .   (no helmet)
rElec    .         Reflect  .   v - +0 cloak (curse)
rCorr    .         Harm     .   e - +2 pair of gloves of Gipliss {SInv}
MR       .....                  (no barding)
Stlth    ..........             s - amulet of regeneration
HPRegen  0.61/turn              (no ring)
MPRegen  0.12/turn              (no ring)

@: very quick
A: large, hooves 3, deformed body, speed 2, tough skin 3
a: Depart the Abyss, Bend Space, Banish, Corrupt, Renounce Religion


You were on level 6 of the Dungeon.
You worshipped Lugonu.
Lugonu was greatly pleased with you.
You were not hungry.

You visited 1 branch of the dungeon, and saw 6 of its levels.
You visited the Abyss 1 time.

You collected 195 gold pieces.

Inventory:

Hand Weapons
 a - a +2 hand axe (weapon)
Armour
 e - the +2 pair of gloves of Gipliss (worn) {SInv}
   (You found it on level 2 of the Abyss)

   It lets you see invisible.
   If you remove this armour, your AC will fall 3 points (15 -> 12)
 n - a +1 shield (worn)
 v - a cursed +0 cloak (worn)
 w - a +2 plate armour of poison resistance (worn)
Jewellery
 s - an amulet of regeneration (around neck)
Wands
 d - a wand of flame (8)
 o - a wand of random effects (10)
 x - a wand of polymorph (7)
Scrolls
 h - 2 scrolls of magic mapping
 l - 5 scrolls of teleportation
 p - a scroll of identify
 q - a scroll of fear
 t - 7 scrolls of remove curse
 u - a scroll of fog
 y - a scroll of enchant armour
Potions
 b - a potion of haste {unknown}
 f - a potion of invisibility
 g - a potion of lignification
 i - a potion of resistance {unknown}
 j - 3 potions of agility
 k - a potion of might
 m - a potion of heal wounds
 r - 3 potions of magic {unknown}
Comestibles
 c - 12 rations
 z - 6 chunks of flesh


   Skills:
 + Level 4.4 Fighting
 + Level 5.5 Axes
 * Level 3.4 Armour
 * Level 3.5 Dodging
 + Level 1.7 Shields
 * Level 4.4 Invocations


You had 7 spell levels left.
You didn't know any spells.
Your spell library contained the following spells:

 Spells                   Type           Power        Failure   Level  Hunger
 Sting                    Tmut/Pois      #...         100%        1    ##.....
 Poisonous Vapours        Pois/Air       #.....       100%        2    ###....
 Ignite Poison            Fire/Tmut/Pois #.......     100%        3    ####...
 Mephitic Cloud           Conj/Pois/Air  #.......     100%        3    ####...
 Olgreb's Toxic Radiance  Pois           #.......     100%        4    #####..


Dungeon Overview and Level Annotations

Branches:
Dungeon (6/15)
 Temple: D:4-7

Altars:
Vehumet
Zin
The Shining One


Innate Abilities, Weirdness & Mutations

You have hooves in place of feet.
Armour fits poorly on your strangely shaped body.
You cover ground very quickly.
You have extremely tough skin. (AC +3)


Message History

You hit the crimson imp.
The crimson imp hits you but does no damage.
The orc warrior hits you but does no damage.
Unknown command.
You hit the orc warrior. You kick the orc warrior.
The orc warrior is heavily wounded.
You closely miss the crimson imp.
The crimson imp blinks!
The orc warrior hits you with a +0 trident.
Unknown command.
You closely miss the orc warrior.
You kick the orc warrior, but do no damage.
The orc warrior is heavily wounded.
The orc warrior hits you with a +0 trident!
* * * LOW HITPOINT WARNING * * *
Unknown command.
Press: ? - help, Shift-Dir - straight line, f - orc warrior
Aim: an orc warrior, wielding a +0 trident and wearing a +0 plate armour (heavily wounded, chance to defeat MR: 83%)
The orc warrior barely resists.
You feel somewhat more hungry.
The orc warrior hits you with a +0 trident!!
You die...

#######.Z.## ###
#...#.# ..#
#.###.########
..###.# #...#....#
..##..# ###......#
..##.## ###....#
..#..# ###....#
..#.#######..[(.o#
..).........#..5@#
...##########..<.#
(.### #....# ....#
###### ....###
###...### ##....#
#.(..# #)...#


You could see an orc warrior and a crimson imp.

Vanquished Creatures
  An ice beast (D:6)
  An ogre (D:6)
  A phantom (D:4)
  A centaur (D:6)
  Blork the orc (D:6)
  A bullfrog (D:5)
  A scorpion (D:4)
  2 crimson imps (D:5)
  2 bullfrog zombies
  2 bullfrog skeletons
  2 hounds
  3 orc wizards
  4 orc priests
  Jessica (D:2)
  Terence (D:3)
  5 worker ants
  A hound zombie (D:6)
  A worker ant zombie (D:4)
  8 adders
  A shadow imp (D:5)
  2 oozes
  An adder zombie (D:5)
  An adder skeleton (D:5)
  3 worms
  2 dart slugs
  2 leopard geckos
  23 orcs
  12 bats
  4 giant cockroaches
  13 hobgoblins
  6 jackals
  5 quokkas
  2 ball pythons
  7 frilled lizards
  5 goblins
  9 kobolds
  7 rats
144 creatures vanquished.

Vanquished Creatures (others)
  2 starspawn tentacles (Abyss:1)
2 creatures vanquished.

Grand Total: 146 creatures vanquished

Notes
Turn   | Place    | Note
-------+----------+-------------------------------------------
     0 | Abyss:1  | Gargoyl the Centaur Abyssal Knight began the quest for the
                  | Orb.
     0 | Abyss:1  | Reached XP level 1. HP: 19/19 MP: 2/2
    40 | Abyss:1  | Noticed a thrashing horror
    56 | Abyss:1  | Noticed a starcursed mass
    62 | Abyss:1  | Noticed a tentacled starspawn
   110 | Abyss:2  | Got a pair of shimmering gloves
   116 | Abyss:2  | Identified the +2 pair of gloves of Gipliss {SInv} (You
                  | found it on level 2 of the Abyss)
   142 | Abyss:2  | Found a corrupted altar of Lugonu.
   196 | Abyss:2  | Found a corrupted altar of Lugonu.
   203 | Abyss:2  | Noticed a raiju
   204 | D:1      | Escaped the Abyss
   305 | D:1      | Reached XP level 2. HP: 22/26 MP: 3/3
   400 | D:1      | Reached skill level 1 in Dodging
   497 | D:1      | Reached skill level 2 in Axes
   500 | D:1      | Reached * piety under Lugonu
   715 | D:1      | Reached XP level 3. HP: 30/31 MP: 4/4
  1174 | D:2      | Reached XP level 4. HP: 19/38 MP: 5/5
  1557 | D:2      | Noticed Jessica
  1561 | D:2      | Found a faded altar of an unknown god.
  1582 | D:2      | Killed Jessica
  1582 | D:2      | Reached ** piety under Lugonu
  1805 | D:2      | Reached skill level 3 in Axes
  1878 | D:2      | Reached XP level 5. HP: 38/46 MP: 7/7
  2299 | D:3      | Noticed Terence
  2316 | D:3      | Killed Terence
  2529 | D:3      | Found a radiant altar of Vehumet.
  2534 | D:3      | Found a glowing silver altar of Zin.
  3263 | D:4      | Reached XP level 6. HP: 42/52 MP: 8/8
  3362 | D:4      | Reached skill level 4 in Axes
  3588 | D:4      | Reached XP level 7. HP: 56/58 MP: 9/9
  3731 | D:4      | Reached *** piety under Lugonu
  4008 | D:4      | Found a glowing golden altar of the Shining One.
  4155 | D:5      | Entered Level 5 of the Dungeon
  4203 | D:5      | Noticed Blork the orc
  4219 | D:6      | Killed Blork the orc
  4219 | D:6      | Reached skill level 1 in Shields
  4817 | D:5      | Reached skill level 5 in Axes
  4817 | D:5      | Reached XP level 8. HP: 20/66 MP: 11/11
  5386 | D:6      | Reached **** piety under Lugonu
  5607 | D:6      | Slain by an orc warrior

Levels and vault maps discovered:
D:1:      dpeg_arrival_pond, layout_basic
D:2:      layout_loops_ring, first_ration, chequers_ecumenical_altar_simple,
          uniq_jessica
D:3:      layout_loops_ring, chequers_temple_overflow_statue_of_worship,
          minmay_joined_circles, uniq_terence
D:4:      layout_cave_pods, lemuel_round_altar
D:5:      layout_gridville, minmay_divided_ellipse, uniq_blork_the_orc
D:6:      layout_rooms, uniq_crazy_yiuf_cottage

Skill      XL: |  1  2  3  4  5  6  7  8 |
---------------+-------------------------+-----
Dodging        | 1 2 3 |  3.5
Axes           | 2 3 4 5 |  5.5
Armour         | 2 3 |  3.4
Invocations    | 3 4 |  4.4
Fighting       | 4 |  4.4
Shields        | 1 |  1.7

Action                   |  1- 3 |  4- 6 |  7- 9 || total
-------------------------+-------+-------+-------++-------
Melee: Hand axe          |   107 |   200 |   245 ||   552
       Kick              |    13 |    45 |    56 ||   114
Invok: Depart the Abyss  |     1 |       |       ||     1
       Banish            |       |       |     1 ||     1
Evoke: Wand              |       |       |     2 ||     2
  Use: Scroll            |     8 |     4 |     7 ||    19
       Potion            |       |       |     2 ||     2
  Eat: Chunk             |       |     6 |     7 ||    13
Armor: Leather armour    |    58 |    18 |       ||    76
       Robe              |       |    64 |    41 ||   105
       Plate armour      |       |       |   140 ||   140
       Skin              |       |       |     7 ||     7
Dodge: Dodged            |    61 |    69 |    29 ||   159
Block: Shield            |       |    61 |   131 ||   192

Table legend:
 A = Non-vault XP
 B = Vault XP
 C = Vault XP percentage of total XP
 D = Non-vault monster count
 E = Vault monster count
 F = Vault count percentage of total count
                 A         B        C        D         E       F
            +---------+---------+-------+---------+---------+-------
      Total |    1523 |     487 |  24.2 |     116 |      28 |  19.4
            +---------+---------+-------+---------+---------+-------
        D:1 |      46 |       5 |   9.8 |      27 |       3 |  10.0
        D:2 |     109 |      37 |  25.3 |      19 |       1 |   5.0
        D:3 |      70 |      76 |  52.1 |      17 |      13 |  43.3
        D:4 |     556 |       0 |   0.0 |      22 |       0 |   0.0
        D:5 |     217 |     279 |  56.2 |      18 |      10 |  35.7
        D:6 |     525 |      90 |  14.6 |      13 |       1 |   7.1
            +---------+---------+-------+---------+---------+-------
